Map: Blueshift LE

Players

kemachi - Winner!

  • Race: Protoss Protoss
  • League: Diamond
  • Spawn Location: 7:00

volimar

  • Race: Terran Terran
  • Spawn Location: 1:00

VOD

Have the link to the VOD?

Description

Time

  • Played on: Dec. 14, 2018, 6:03 p.m.
  • Length: 15:59
Show
View Real Time Build Order
Export as new Build Order

kemachi Protoss - Winner!

Build Orders: 1 Gate Expand, Blink Stalkers 

Get SALT Encoding   

  12  0:01  Probe  
  13  0:13  Probe  
  14  0:18  Pylon  
  14  0:25  Probe  
  15  0:37  Probe  
  15  0:38  Gateway  
  16  0:45  Probe  
  17  0:52  Assimilator  
  17  0:53  Probe  
  17  1:03  Probe  
  19  1:15  Probe  
  20  1:27  Probe  
  21  1:33  Nexus  
  21  1:37  Pylon  
  21  1:40  Probe  
  22  1:50  Cybernetics Core  
  23  1:54  Probe  
  23  1:59  Assimilator  
  23  2:09  Gateway  
  23  2:17  Probe  
  23  2:22  Stalker  
  24  2:27  Gateway  
  26  2:39  Probe  
  26  2:43  Probe  
  28  2:52  Twilight Council  
  28  2:56  Stalker  
  30  3:04  Stalker  
  32  3:05  Probe  
  32  3:08  Probe  
  32  3:09  Blink  
  34  3:18  Probe  
  35  3:20  Probe, Stalker  
  38  3:34  Stalker  
  38  3:40  Stalker  
  42  3:43  Probe  
  42  3:44  Probe  
  44  3:52  Stalker  
  46  4:09  Pylon  
  46  4:11  Pylon  
  46  4:27  Probe x2, Stalker  
  50  4:38  Robotics Facility, Protoss Air Armor Level 1  
  46  4:45  Probe x2  
  46  4:49  Assimilator  
  46  4:53  Gateway, Assimilator  
  46  4:54  Pylon  
  46  4:58  Stalker x2  
  46  4:59  Probe x2  
  54  5:11  Probe x2  
  54  5:12  Charge  
  52  5:17  Immortal  
  54  5:23  Probe x2  
  61  5:35  Probe x2  
  62  5:47  Pylon  
  62  5:49  Nexus  
  62  5:54  Immortal  
  60  6:01  Probe x2  
  66  6:08  Forge  
  66  6:10  Forge  
  66  6:14  Probe x2  
  68  6:20  Templar Archives  
  68  6:23  Warp Gate  
  68  6:29  Pylon  
  68  6:30  Observer  
  69  6:43  Zealot x2  
  69  6:44  Zealot x2  
  77  6:48  Protoss Ground Weapons Level 1, Protoss Ground Armor Level 1  
  77  6:49  Psionic Storm  
  77  6:54  Immortal  
  77  6:59  Pylon  
  81  7:09  Probe x2  
  81  7:10  Probe  
  81  7:11  Gateway  
  67  7:31  Probe x2  
  67  7:34  Probe  
  70  7:42  Observer  
  71  7:45  Probe x2  
  71  7:49  Probe  
  74  7:56  Probe x2  
  76  8:01  Probe  
  76  8:02  Gateway  
  76  8:03  Immortal, Gateway  
  76  8:04  Gateway  
  81  8:09  Probe x2  
  81  8:12  Assimilator  
  83  8:13  Probe  
  83  8:15  Assimilator  
  73  8:27  Stalker  
  73  8:28  Stalker x2  
  75  8:39  Probe x2  
  72  8:43  Probe  
  72  8:47  Probe  
  72  8:48  Probe  
  70  8:55  Probe  
  73  8:57  Probe x2  
  73  9:07  Probe x2  
  73  9:08  High Templar x3  
  73  9:09  High Templar x2, Probe  
  85  9:13  Immortal  
  85  9:15  Probe  
  89  9:19  Probe  
  89  9:21  Probe  
  92  9:27  High Templar  
  94  9:31  Probe  
  94  9:33  Probe x2  
  94  9:37  Zealot, High Templar  
  101  9:45  Pylon  
  101  9:46  Pylon  
  101  9:48  Pylon  
  101  9:55  Probe x2  
  101  9:56  Probe  
  101  9:58  High Templar  
  100  10:07  Probe x2  
  100  10:08  Probe  
  90  10:17  Zealot x2  
  90  10:18  Zealot x5  
  90  10:19  Probe x2  
  90  10:20  Probe  
  107  10:31  Probe  
  96  10:56  Stalker x2  
  96  10:57  Stalker x5  
  92  11:25  Zealot x4  
  88  11:26  Zealot x2  
  96  11:55  Pylon  
  96  11:56  Pylon  
  96  11:57  Pylon  
  96  12:00  Pylon  
  96  12:03  Pylon  
  96  12:05  Pylon  
  94  12:14  Stalker x4  
  94  12:15  Stalker  
  98  12:35  Zealot x2  
  93  12:48  Zealot x2  
  93  12:49  Zealot x2  
  65  13:28  Stalker x2  
  65  13:29  Stalker x2  
  73  14:04  Probe  
  74  14:16  Probe  
  69  14:28  Stalker x3  
  69  14:29  Stalker x3  
  81  14:40  Stalker  
  67  15:12  Stalker x3  
  67  15:13  Stalker x2  
  69  15:42  Stalker x3  
Show
View Real Time Build Order
Export as new Build Order

volimar Terran 

Build Orders:  

Get SALT Encoding   

  12  0:01  SCV  
  13  0:13  SCV  
  14  0:17  Supply Depot  
  14  0:25  SCV  
  15  0:39  SCV, Barracks  
  16  0:47  Refinery  
  16  0:51  SCV  
  17  1:13  SCV  
  19  1:34  Marine  
  19  1:38  Orbital Command  
  19  1:41  Command Center  
  19  1:58  Bunker  
  19  2:04  SCV, Factory  
  20  2:15  Barracks Reactor  
  20  2:17  SCV  
  21  2:22  Supply Depot  
  21  2:32  SCV  
  22  2:45  SCV  
  23  2:52  Factory Tech Lab  
  23  2:54  Factory Reactor  
  23  2:56  Barracks  
  23  2:57  Marine x2  
  25  2:58  Refinery  
  25  2:59  SCV  
  26  3:06  Orbital Command  
  26  3:11  SCV  
  27  3:17  Marine  
  27  3:18  Marine  
  28  3:25  SCV  
  29  3:30  Widow Mine x2  
  29  3:34  SCV  
  34  3:37  Marine, SCV  
  34  3:38  Marine  
  37  3:45  Starport, Barracks Tech Lab  
  37  3:50  SCV  
  37  3:51  SCV  
  37  3:52  Widow Mine x2  
  43  4:05  SCV x2  
  43  4:17  SCV x2  
  43  4:21  Stimpack  
  45  4:39  Widow Mine  
  45  4:45  Supply Depot  
  46  4:48  Marine x3, SCV x2, Refinery x2  
  53  5:00  SCV  
  53  5:04  Engineering Bay  
  53  5:06  Engineering Bay, Marine, SCV  
  60  5:07  Marauder  
  60  5:12  SCV  
  57  5:15  Supply Depot  
  57  5:18  Factory Reactor  
  57  5:19  SCV  
  58  5:22  Marine  
  58  5:24  Marine, SCV  
  61  5:31  SCV  
  61  5:32  Terran Infantry Weapons Level 1  
  61  5:33  Terran Infantry Armor Level 1  
  62  5:36  Marine, SCV, Medivac x2  
  68  5:43  SCV  
  68  5:49  Command Center, SCV  
  70  5:55  SCV  
  69  5:59  Marine  
  69  6:03  Supply Depot  
  70  6:21  Combat Shield  
  70  6:25  Marine x2, Widow Mine x2, Marauder  
  78  6:38  Supply Depot  
  78  6:39  Supply Depot  
  78  6:42  Liberator  
  78  6:43  Liberator  
  78  6:59  Marine x2  
  78  7:00  Marauder, SCV x2, Widow Mine x2  
  94  7:12  SCV x2  
  96  7:17  Marine x2  
  96  7:22  Marauder  
  95  7:24  SCV x2  
  84  7:35  Marine x2  
  84  7:36  SCV x2  
  88  7:40  Concussive Shells  
  88  7:41  Barracks  
  88  7:42  Barracks  
  88  7:43  Marauder  
  88  7:44  Medivac x2  
  92  7:48  SCV x2  
  92  7:50  Widow Mine x2  
  100  7:53  Marine x2  
  102  8:00  SCV x2  
  102  8:05  Marauder, Armory  
  106  8:06  Supply Depot  
  106  8:07  Supply Depot  
  106  8:11  Barracks  
  106  8:17  Marine x2  
  108  8:28  Marauder  
  108  8:32  Barracks Reactor  
  108  8:34  Barracks Reactor  
  110  8:35  Marine x2  
  109  8:44  Medivac x2, Widow Mine x2  
  109  8:46  SCV x2  
  116  8:49  Marauder  
  116  8:53  Marine  
  116  8:54  SCV  
  120  8:57  Refinery  
  120  8:58  Terran Infantry Armor Level 2, SCV, Terran Infantry Weapons Level 2, Refinery  
  115  9:08  Starport  
  115  9:09  SCV  
  117  9:11  Planetary Fortress  
  117  9:13  Starport  
  117  9:14  Supply Depot  
  117  9:16  Marine x2, Barracks Reactor  
  117  9:17  Marine x4  
  124  9:25  Widow Mine  
  124  9:26  SCV  
  125  9:35  SCV  
  125  9:36  Supply Depot  
  125  9:37  Supply Depot  
  125  9:38  SCV, Supply Depot  
  127  9:46  Marine  
  127  9:47  Marine, Marauder  
  127  9:48  Liberator x2  
  127  9:52  Marine  
  131  9:53  Marine x2  
  134  10:08  Marauder  
  136  10:19  Marine x3  
  136  10:20  Marine, Widow Mine  
  136  10:21  SCV x2, Widow Mine  
  146  10:28  Supply Depot  
  152  10:29  Supply Depot  
  152  10:30  Marauder  
  136  10:51  Marauder  
  138  11:00  Liberator x2  
  120  11:12  Marauder  
  120  11:16  Marine x4  
  120  11:17  Marine  
  129  11:34  Marauder  
  131  11:40  Marine x2  
  131  11:41  Marine  
  131  11:45  SCV  
  131  11:46  Marine x2, SCV  
  131  11:47  Marine x3  
  138  11:50  Terran Infantry Weapons Level 3, Terran Infantry Armor Level 3  
  141  11:56  Marauder, Barracks, Widow Mine x2  
  141  11:58  Marine x3, Barracks  
  150  12:07  Orbital Command  
  139  12:18  Marauder  
  139  12:19  SCV x2  
  139  12:21  Liberator x2  
  132  12:32  Marine  
  132  12:33  Marine x2  
  115  12:39  Marauder  
  109  13:00  Marauder  
  96  13:06  Marine x3  
  93  13:16  Marine x3  
  78  13:22  Marauder  
  78  13:23  Barracks  
  78  13:24  Barracks x3  
  78  13:25  SCV  
  73  13:28  Barracks  
  73  13:33  SCV  
  70  13:37  Orbital Command, SCV  
  44  14:14  Orbital Command  
  44  14:16  SCV  
  40  14:20  Marine x5  
  42  14:26  SCV  
  43  14:33  Marine  
  43  14:38  Marine x2  
  46  14:41  Marine x2  
  49  14:47  Marine  
  49  14:51  Marine  
  49  14:55  Marine  
  49  14:56  Marine  
  49  14:59  Marine  
  51  15:00  Marine x2  
  51  15:05  Marine  
  49  15:08  Marine  
  49  15:09  SCV x3  
  49  15:13  Marine  
  49  15:14  Marine  
  55  15:17  Marine x2  
  55  15:18  Marine  
  52  15:23  Marine  
  46  15:31  Marine x2  
  46  15:35  Marine  
  34  15:43  SCV x2  
Tags
 
Composition
Blink Stalkers
League
Diamond
Matchup
PvT
Spawn Locations
Cross Positions
Add a new tag
Caveats
  • Supply blocks, unpowered buildings, or Contaminate may cause inaccurate times.
  • Supply counts are checked every 10 seconds.